General information
- name: BNet
- type: Ladder team game (AT/RT)
- host: Battle.net
- saver: MrFrosty
map: TwistedMeadows
- players: 4
- length: 106:55
- speed: Fast
- version: 1.23 W3XP
- replay type: Public
» download(655 KB)
Players
team 1 (winner)
kunt.roII (
pink | 105 APM | 11275 actions | 106:54)
10 Blademaster
3 Wind Walk
3 Critical Strike
1 Bladestorm
3 Mirror Image
6 Shadow Hunter
3 Hex
2 Healing Wave
1 Big Bad Voodoo
» actions
| Assign group hotkey | 278 | |
| Basic commands | 81 | |
| Build / train | 139 | |
| ESC pressed | 7 | |
| Enter build submenu | 65 | |
| Enter hero's abilities submenu | 16 | |
| Give item / drop item | 19 | |
| Right click | 6127 | |
| Select / deselect | 627 | |
| Select group hotkey | 3276 | |
| Use ability | 640 | |
11275 total
» units
| Peon | 27 | |
| Troll Batrider | 40 | |
| Goblin Zeppelin | 5 | |
72 total
» upgrades
| Liquid Fire | 1 | |
| Ranged Weapons | 1 | |
2 total
» buildings
| Altar of Storms | 1 | |
| Orc Burrow | 5 | |
| Voodoo Lounge | 3 | |
| War Mill | 1 | |
| Watch Tower | 46 | |
| Stronghold | 2 | |
| Fortress | 2 | |
| Beastiary | 2 | |
| Great Hall | 2 | |
64 total
» build order
00:12 Altar of Storms
00:22 Orc Burrow
00:53 Voodoo Lounge
01:07 War Mill
01:56 Orc Burrow
02:28 Watch Tower
02:49 Watch Tower
03:14 Watch Tower
03:58 Stronghold
04:22 Voodoo Lounge
04:28 Watch Tower
04:39 Watch Tower
05:40 Watch Tower
06:29 Fortress
06:45 Beastiary
06:47 Beastiary
07:01 Watch Tower
07:18 Orc Burrow
07:37 Watch Tower
07:43 Watch Tower
10:01 Orc Burrow
10:06 Watch Tower
10:17 Watch Tower
11:45 Watch Tower
12:56 Watch Tower
14:34 Watch Tower
14:35 Watch Tower
14:36 Watch Tower
14:37 Watch Tower
14:37 Watch Tower
16:55 Watch Tower
16:55 Watch Tower
19:59 Watch Tower
20:00 Watch Tower
24:53 Watch Tower
24:54 Watch Tower
31:12 Great Hall
31:13 Watch Tower
31:14 Watch Tower
31:17 Great Hall
33:09 Watch Tower
33:11 Watch Tower
33:39 Watch Tower
33:40 Watch Tower
35:02 Watch Tower
35:02 Watch Tower
35:33 Watch Tower
35:36 Watch Tower
35:49 Watch Tower
35:49 Watch Tower
36:29 Voodoo Lounge
37:01 Watch Tower
37:02 Watch Tower
48:10 Watch Tower
48:10 Watch Tower
48:11 Watch Tower
48:12 Watch Tower
48:12 Watch Tower
48:13 Watch Tower
50:40 Orc Burrow
50:56 Watch Tower
50:57 Watch Tower
» items
| Lesser Clarity Potion | 12 | |
| Healing Salve | 3 | |
| Scroll of Speed | 2 | |
| Boots of Speed | 2 | |
| Staff of Teleportation | 2 | |
| Circlet of Nobility | 1 | |
| Orb of Lightning | 5 | |
| Potion of Healing | 3 | |
| Potion of Mana | 4 | |
| Tiny Great Hall | 1 | |
| Scroll of Town Portal | 3 | |
| Potion of Lesser Invulnerability | 2 | |
| Staff of Sanctuary | 1 | |
41 total
MrFrosty (
yellow | 86 APM | 9185 actions | 106:55)
9 Archmage
3 Blizzard
3 Brilliance Aura
1 Mass Teleport
2 Summon Water Elemental
8 Blood Mage
3 Flame Strike
2 Siphon Mana
2 Banish
1 Summon Phoenix
1 Shadow Hunter
1 Healing Wave
» actions
| Assign group hotkey | 65 | |
| Basic commands | 200 | |
| Build / train | 140 | |
| ESC pressed | 3 | |
| Enter build submenu | 61 | |
| Enter hero's abilities submenu | 20 | |
| Give item / drop item | 5 | |
| Remove unit from queue | 5 | |
| Right click | 4762 | |
| Select / deselect | 1734 | |
| Select group hotkey | 1519 | |
| Use ability | 671 | |
9185 total
» units
| Peasant | 27 | |
| Priest | 5 | |
| Sorceress | 5 | |
| Dragonhawk Rider | 7 | |
44 total
» upgrades
| Masonry | 3 | |
| Magic Sentry | 1 | |
| Sorceress Training | 2 | |
| Lumber Harvesting | 1 | |
| Priest Training | 2 | |
| Cloud | 1 | |
| Animal War Training | 1 | |
11 total
» buildings
| Altar of Kings | 3 | |
| Farm | 6 | |
| Scout Tower | 83 | |
| Lumber Mill | 2 | |
| Arcane Tower | 16 | |
| Guard Tower | 32 | |
| Keep | 2 | |
| Town Hall | 3 | |
| Arcane Sanctum | 2 | |
| Gryphon Aviary | 1 | |
| Arcane Vault | 1 | |
| Castle | 1 | |
| Barracks | 1 | |
| Blacksmith | 1 | |
154 total
» build order
00:06 Altar of Kings
00:08 Altar of Kings
00:20 Farm
00:27 Scout Tower
00:32 Lumber Mill
00:56 Arcane Tower
01:23 Farm
01:29 Scout Tower
01:59 Guard Tower
02:22 Scout Tower
02:41 Scout Tower
02:55 Guard Tower
03:01 Scout Tower
03:09 Farm
03:15 Arcane Tower
04:18 Guard Tower
04:35 Scout Tower
05:09 Guard Tower
06:06 Scout Tower
06:08 Scout Tower
06:10 Scout Tower
06:21 Guard Tower
06:34 Scout Tower
06:35 Arcane Tower
06:40 Scout Tower
06:41 Guard Tower
06:59 Scout Tower
07:00 Scout Tower
07:03 Keep
07:08 Guard Tower
07:33 Arcane Tower
07:34 Guard Tower
07:43 Town Hall
07:50 Scout Tower
07:59 Scout Tower
08:01 Scout Tower
09:00 Guard Tower
10:02 Arcane Sanctum
11:34 Scout Tower
11:35 Scout Tower
11:35 Scout Tower
12:27 Guard Tower
15:39 Scout Tower
15:40 Scout Tower
15:40 Scout Tower
15:58 Scout Tower
15:59 Scout Tower
15:59 Scout Tower
16:17 Arcane Tower
16:23 Lumber Mill
18:11 Guard Tower
18:44 Town Hall
18:46 Scout Tower
19:22 Arcane Tower
21:32 Farm
21:51 Farm
22:37 Scout Tower
22:38 Scout Tower
22:39 Scout Tower
22:40 Scout Tower
22:45 Scout Tower
22:46 Scout Tower
22:47 Scout Tower
22:49 Altar of Kings
23:29 Guard Tower
23:43 Farm
24:06 Guard Tower
24:37 Guard Tower
24:43 Scout Tower
24:44 Scout Tower
24:44 Scout Tower
24:59 Scout Tower
25:45 Guard Tower
26:03 Scout Tower
26:19 Arcane Tower
29:44 Arcane Tower
30:10 Scout Tower
30:11 Scout Tower
30:12 Scout Tower
30:13 Scout Tower
30:15 Scout Tower
30:16 Scout Tower
31:10 Arcane Tower
31:17 Guard Tower
31:49 Arcane Tower
39:13 Guard Tower
40:18 Scout Tower
40:20 Scout Tower
40:22 Scout Tower
40:24 Scout Tower
40:24 Scout Tower
40:26 Scout Tower
40:27 Scout Tower
40:28 Scout Tower
40:29 Scout Tower
40:33 Scout Tower
40:35 Scout Tower
40:53 Arcane Tower
40:54 Guard Tower
41:18 Guard Tower
42:38 Arcane Tower
42:39 Guard Tower
43:38 Guard Tower
43:40 Scout Tower
43:40 Scout Tower
43:42 Scout Tower
43:43 Scout Tower
44:28 Arcane Tower
46:09 Guard Tower
47:17 Scout Tower
47:18 Scout Tower
47:19 Scout Tower
47:19 Scout Tower
47:20 Scout Tower
47:20 Scout Tower
47:22 Scout Tower
47:22 Scout Tower
47:23 Scout Tower
47:43 Scout Tower
47:43 Scout Tower
47:44 Scout Tower
48:08 Arcane Tower
48:10 Guard Tower
48:25 Arcane Tower
48:26 Guard Tower
48:46 Town Hall
50:48 Guard Tower
52:52 Scout Tower
52:52 Scout Tower
52:53 Scout Tower
52:54 Scout Tower
52:54 Scout Tower
53:13 Keep
53:48 Guard Tower
53:50 Arcane Tower
54:40 Guard Tower
55:04 Scout Tower
55:05 Scout Tower
55:06 Scout Tower
55:13 Guard Tower
55:14 Scout Tower
55:15 Scout Tower
55:18 Scout Tower
55:19 Scout Tower
56:26 Guard Tower
56:41 Guard Tower
56:50 Gryphon Aviary
56:52 Arcane Sanctum
57:00 Guard Tower
59:05 Arcane Vault
59:09 Guard Tower
61:06 Castle
61:39 Barracks
61:41 Blacksmith
» items
| Healing Salve | 2 | |
| Scroll of Speed | 1 | |
| Potion of Healing | 1 | |
| Staff of Teleportation | 2 | |
| Boots of Speed | 2 | |
| Orb of Lightning | 2 | |
| Staff of Sanctuary | 2 | |
12 total
team 2 (loser)
ItWasLuck (
red | 131 APM | 14051 actions | 106:54)
7 Demon Hunter
3 Mana Burn
3 Evasion
1 Metamorphosis
9 Pandaren Brewmaster
3 Breath of Fire
3 Drunken Haze
2 Storm Earth and Fire
1 Drunken Brawler
» actions
| Assign group hotkey | 367 | |
| Basic commands | 828 | |
| Build / train | 221 | |
| ESC pressed | 9 | |
| Enter build submenu | 96 | |
| Enter hero's abilities submenu | 17 | |
| Give item / drop item | 7 | |
| Remove unit from queue | 20 | |
| Right click | 5630 | |
| Select / deselect | 1842 | |
| Select group hotkey | 4387 | |
| Use ability | 627 | |
14051 total
» units
| Wisp | 70 | |
| Huntress | 1 | |
| Dryad | 18 | |
| Goblin Shredder | 6 | |
| Goblin Zeppelin | 8 | |
| Chimaera | 20 | |
123 total
» upgrades
| Nature's Blessing | 1 | |
| Strength of the Wild | 3 | |
| Abolish Magic | 1 | |
| Reinforced Hides | 3 | |
| Corrosive Breath | 1 | |
| Ultravision | 1 | |
| Well Spring | 1 | |
11 total
» buildings
| Altar of Elders | 2 | |
| Moon Well | 13 | |
| Hunter's Hall | 2 | |
| Ancient of War | 5 | |
| Tree of Ages | 2 | |
| Ancient Protector | 26 | |
| Tree of Life | 13 | |
| Ancient of Lore | 5 | |
| Ancient of Wonders | 4 | |
| Tree of Eternity | 1 | |
| Ancient of Wind | 1 | |
| Chimaera Roost | 3 | |
| Watch Tower | 4 | |
81 total
» build order
00:05 Altar of Elders
00:17 Moon Well
01:44 Hunter's Hall
01:47 Ancient of War
02:01 Moon Well
02:26 Moon Well
03:32 Tree of Ages
04:15 Ancient Protector
06:00 Tree of Life
06:38 Ancient of Lore
07:48 Ancient of Lore
10:05 Tree of Life
10:29 Ancient Protector
10:30 Ancient Protector
10:34 Ancient Protector
11:04 Tree of Life
11:26 Tree of Life
11:33 Ancient of Wonders
11:49 Ancient Protector
12:30 Moon Well
12:36 Ancient Protector
13:24 Moon Well
14:16 Tree of Life
14:29 Ancient Protector
14:31 Ancient Protector
14:41 Ancient Protector
15:05 Ancient Protector
15:41 Ancient Protector
15:46 Ancient Protector
16:15 Ancient Protector
18:47 Hunter's Hall
19:31 Tree of Ages
19:39 Ancient of Wonders
19:58 Ancient Protector
20:43 Tree of Life
21:30 Altar of Elders
21:56 Moon Well
21:59 Moon Well
22:46 Ancient of Lore
22:48 Ancient of Lore
23:32 Ancient of Lore
23:36 Moon Well
23:39 Moon Well
24:10 Ancient Protector
24:15 Ancient Protector
24:23 Ancient Protector
25:18 Tree of Life
29:26 Tree of Eternity
30:03 Tree of Life
30:20 Ancient of Wonders
31:40 Ancient Protector
34:20 Ancient Protector
34:47 Ancient Protector
35:11 Tree of Life
35:15 Tree of Life
41:21 Ancient Protector
41:23 Ancient Protector
42:45 Ancient Protector
43:17 Ancient of Wind
43:21 Moon Well
43:21 Moon Well
43:33 Tree of Life
44:06 Ancient Protector
44:07 Ancient Protector
45:06 Chimaera Roost
45:07 Chimaera Roost
45:07 Chimaera Roost
49:44 Moon Well
52:01 Moon Well
65:39 Tree of Life
69:55 Tree of Life
69:56 Ancient Protector
94:52 Watch Tower
94:53 Watch Tower
94:57 Watch Tower
94:58 Watch Tower
95:03 Ancient of War
95:04 Ancient of War
95:07 Ancient of Wonders
95:09 Ancient of War
101:54 Ancient of War
» items
| Boots of Speed | 2 | |
| Dust of Appearance | 4 | |
| Potion of Lesser Invulnerability | 2 | |
| Scroll of Healing | 5 | |
| Scroll of Town Portal | 6 | |
| Orb of Venom | 2 | |
| Lesser Clarity Potion | 6 | |
| Potion of Mana | 2 | |
| Staff of Teleportation | 2 | |
| Potion of Healing | 7 | |
| Staff of Preservation | 1 | |
| Scroll of Protection | 1 | |
| Tome of Retraining | 1 | |
41 total
Kang.kun (
blue | 164 APM | 13153 actions | 80:04)
7 Blademaster
3 Wind Walk
3 Critical Strike
1 Bladestorm
6 Shadow Hunter
2 Hex
3 Healing Wave
1 Big Bad Voodoo
» actions
| Assign group hotkey | 55 | |
| Basic commands | 1076 | |
| Build / train | 192 | |
| ESC pressed | 11 | |
| Enter build submenu | 77 | |
| Enter hero's abilities submenu | 13 | |
| Give item / drop item | 25 | |
| Right click | 5283 | |
| Select / deselect | 1163 | |
| Select group hotkey | 4785 | |
| Use ability | 471 | |
13153 total
» units
| Peon | 30 | |
| Grunt | 3 | |
| Raider | 5 | |
| Spirit Walker | 2 | |
| Troll Witch Doctor | 5 | |
| Demolisher | 4 | |
| Kodo Beast | 4 | |
| Troll Batrider | 23 | |
| Goblin Zeppelin | 2 | |
| Tauren | 1 | |
| Shaman | 2 | |
81 total
» upgrades
| Berserker Strength | 1 | |
| Ensnare | 1 | |
| Spirit Walker Training | 2 | |
| Pillage | 1 | |
| Armor | 3 | |
| Burning Oil | 1 | |
| Reinforced Defenses | 1 | |
| Melee Weapons | 1 | |
| War Drums Damage Increase | 1 | |
| Liquid Fire | 1 | |
| Ranged Weapons | 2 | |
| Witch Doctor Training | 2 | |
| Spiked Barricades | 1 | |
| Shaman Training | 2 | |
| Pulverize | 1 | |
21 total
» buildings
| Altar of Storms | 2 | |
| Orc Burrow | 9 | |
| Voodoo Lounge | 3 | |
| Barracks | 1 | |
| Stronghold | 6 | |
| Beastiary | 2 | |
| Spirit Lodge | 2 | |
| War Mill | 2 | |
| Fortress | 2 | |
| Watch Tower | 46 | |
| Great Hall | 2 | |
| Tauren Totem | 3 | |
80 total
» build order
00:07 Altar of Storms
00:20 Orc Burrow
01:04 Voodoo Lounge
01:08 Barracks
01:45 Orc Burrow
01:48 Orc Burrow
03:09 Stronghold
03:09 Stronghold
03:09 Stronghold
03:09 Stronghold
04:33 Orc Burrow
05:46 Beastiary
05:48 Spirit Lodge
07:51 Orc Burrow
10:32 War Mill
11:04 Orc Burrow
12:20 Fortress
12:21 Fortress
15:19 Orc Burrow
15:20 Orc Burrow
16:10 Watch Tower
16:20 Watch Tower
16:23 Watch Tower
16:26 Watch Tower
18:01 Watch Tower
18:34 Watch Tower
19:50 Watch Tower
22:21 Watch Tower
22:23 Watch Tower
22:25 Watch Tower
23:00 Great Hall
23:03 Watch Tower
28:03 Watch Tower
28:06 Watch Tower
28:09 Watch Tower
31:09 Watch Tower
31:13 Watch Tower
31:15 Watch Tower
31:16 Watch Tower
34:26 Watch Tower
34:27 Watch Tower
34:29 Great Hall
36:41 Orc Burrow
36:42 Watch Tower
39:39 Watch Tower
39:41 Watch Tower
39:46 Watch Tower
39:50 Watch Tower
40:03 War Mill
43:55 Watch Tower
44:10 Beastiary
44:26 Watch Tower
45:32 Watch Tower
46:06 Watch Tower
48:32 Watch Tower
49:54 Watch Tower
52:31 Watch Tower
54:40 Watch Tower
54:43 Watch Tower
54:48 Watch Tower
54:54 Watch Tower
54:58 Watch Tower
55:03 Altar of Storms
55:44 Spirit Lodge
55:51 Watch Tower
55:54 Watch Tower
56:06 Tauren Totem
56:20 Tauren Totem
56:22 Tauren Totem
57:22 Watch Tower
61:00 Watch Tower
61:02 Watch Tower
61:04 Watch Tower
61:05 Watch Tower
62:08 Watch Tower
62:11 Watch Tower
62:14 Voodoo Lounge
76:35 Voodoo Lounge
» items
| Healing Salve | 8 | |
| Circlet of Nobility | 1 | |
| Boots of Speed | 2 | |
| Scroll of Town Portal | 7 | |
| Lesser Clarity Potion | 12 | |
| Scroll of Speed | 4 | |
| Potion of Healing | 1 | |
| Potion of Lesser Invulnerability | 2 | |
| Scroll of Healing | 1 | |
| Dust of Appearance | 1 | |
| Staff of Teleportation | 2 | |
| Orb of Lightning | 1 | |
| Tiny Great Hall | 1 | |
43 total
Chat log
(00:17 / All) kunt.roII: GL N HF
(00:22 / All) ItWasLuck: glhf
(02:44 / All) ItWasLuck: 30 min game lets go
(02:53 / All) kunt.roII: wio==o=======oooo
(06:26 / All) kunt.roII: it was luck
(06:32 / All) ItWasLuck: ?
(10:41 / Allies) MrFrosty: onl;y now
(10:43 / Allies) MrFrosty: going up
(16:55 / Allies) MrFrosty: not really
(16:58 / Allies) MrFrosty: close to it though
(20:48 / Allies) kunt.roII: fucking spiking
(29:02 / Allies) kunt.roII: ?
(32:59 / Allies) kunt.roII: fuckk
(59:35 / Allies) kunt.roII: ?
(62:30 / All) kunt.roII: um
(62:34 / All) kunt.roII: i think its been more than half an hour
(62:40 / All) ItWasLuck: u guys are gay
(62:50 / All) ItWasLuck: i wanted a 10 min game
(63:02 / All) kunt.roII: tt
(72:27 / All) Kang.kun: plz out
(72:29 / All) kunt.roII: ?
(72:32 / All) kunt.roII: b?
(80:14 / Allies) kunt.roII: wtf
(80:16 / Allies) kunt.roII: i couldnt
(80:16 / Allies) kunt.roII: move
(80:18 / Allies) kunt.roII: my fucking hero
(80:22 / Allies) kunt.roII: seriusly
(80:23 / Allies) kunt.roII: it was like
(80:26 / Allies) kunt.roII: i was bashed
(81:09 / All) ItWasLuck: u guys mh
(81:11 / All) kunt.roII: lol?
(81:12 / All) MrFrosty: nope sorry
(81:15 / All) kunt.roII: hahah
(81:21 / All) kunt.roII: "it was luck"
(82:20 / All) kunt.roII: ur losing this game
(82:21 / All) kunt.roII: 1 chim at a time
(82:24 / All) kunt.roII: how does that feel
(90:48 / All) kunt.roII: have u seen
(90:50 / All) kunt.roII: a lvl 10 blade
(90:51 / All) kunt.roII: before?
(92:00 / All) ItWasLuck: U GUYS
(92:02 / All) MrFrosty: good fight
(92:03 / All) ItWasLuck: can blow me
(92:04 / All) kunt.roII: aite
(92:05 / All) ItWasLuck: i really
(92:07 / All) ItWasLuck: dont care
(92:09 / All) kunt.roII: Is it gay
(92:09 / All) ItWasLuck: i threw this game
(92:10 / All) MrFrosty: you blow enough already
(92:16 / All) kunt.roII: if your dick is getting sucked
(92:18 / All) ItWasLuck: no actually i would rape u
(92:20 / All) kunt.roII: does it matter if its a man or a woman
(92:21 / All) MrFrosty: o
(92:26 / All) ItWasLuck: 1v1
(92:28 / All) ItWasLuck: but its 4 am
(92:30 / All) MrFrosty: thanks for the free win
(92:32 / All) MrFrosty: lol
(92:32 / All) ItWasLuck: i just wanted a 10 min game
(92:35 / All) kunt.roII: its likr 6 pm
(92:36 / All) ItWasLuck: so now
(92:42 / All) ItWasLuck: ya for you
(92:44 / All) MrFrosty: you are meant to dodge after we accept not straight away
(92:45 / All) ItWasLuck: retard
(92:58 / All) ItWasLuck: i dont have time
(93:00 / All) ItWasLuck: for your hsit
(93:06 / All) MrFrosty: feel free to leave then
(93:07 / All) kunt.roII: hsit!
(93:11 / All) kunt.roII: maybe next time
(93:13 / All) ItWasLuck: good job beating someone burnt out on 420
(93:15 / All) kunt.roII: we can continue this
(93:16 / All) MrFrosty: lol
(93:18 / All) MrFrosty: get out scrub
(93:20 / All) ItWasLuck: no actually
(93:23 / All) ItWasLuck: im not leaving
(93:24 / All) ItWasLuck: hf
(93:27 / All) kunt.roII: u gonna make us play a long game?
(93:28 / All) kunt.roII: shIT!
(93:30 / All) MrFrosty: oh we wanted a short game too
(93:37 / All) ItWasLuck: ya sure u did
(93:37 / All) kunt.roII: this will give me plenty of time
(93:38 / All) MrFrosty: ps. this def, wasnt a short game
(93:38 / All) ItWasLuck: fuck tards
(93:39 / All) kunt.roII: to reflect
(93:41 / All) ItWasLuck: good night
(93:42 / All) kunt.roII: on how hard we owned u
(93:48 / All) ItWasLuck: k
(93:51 / All) MrFrosty: 2 e z
(93:51 / All) MrFrosty: noob
(93:52 / All) ItWasLuck: have a good life retards
(94:02 / Allies) kunt.roII: gng
(94:04 / Allies) MrFrosty: g n g
(99:19 / All) MrFrosty: lol still here?
(104:30 / All) MrFrosty: 2 e z noob
(105:20 / All) MrFrosty: 2 e z
(105:21 / All) MrFrosty: noob
(105:32 / All) MrFrosty: hahah you are actually trying to hide
(106:43 / All) MrFrosty: 2 e z noob